 Dungeon Crawl Stone Soup version 0.30.0-5-g1a98f26d00 (webtiles) character file.

Game seed: 10993788617868226885

12 CoinPitGoblin the Caller (level 2, -1/19 HPs)
             Began as a Demonspawn Summoner on May 10, 2023.
             Slain by a hobgoblin (5 damage)
             ... on level 1 of the Dungeon.
             The game lasted 00:01:26 (239 turns).

CoinPitGoblin the Caller (Demonspawn Summoner)       Turns: 239, Time: 00:01:27

Health: -1/19      AC:  2    Str:  8    XL:     2   Next: 20%
Magic:  3/5        EV: 12    Int: 16    God:
Gold:   16         SH:  0    Dex: 13    Spells: 5/6 levels left

rFire   . . .        e - +0 dagger
rCold   . . .        (no shield)
rNeg    . . .        a - +0 robe
rPois   .            (no helmet)
rElec   .            (no cloak)
rCorr   .            (no gloves)
SInv    .            (no boots)
Will    .....        (no amulet)
Stlth   ++           (no ring)
HPRegen 0.23/turn    (no ring)
MPRegen 0.09/turn

%: no passive effects
@: no status effects
A: ignite blood 1
a: no special abilities


You were on level 1 of the Dungeon.
You visited 1 branch of the dungeon, and saw 1 of its levels.

You collected 16 gold pieces.

Inventory:

Hand Weapons
 e - a +0 dagger (weapon)
Armour
 a - a +0 robe (worn)
Potions
 b - a potion of magic
 c - a potion of curing {unknown}


   Skills:
 + Level 2.1 Dodging
 - Level 1.7 Stealth
 + Level 2.5 Spellcasting
 - Level 4.0 Summonings


You had 5 spell levels left.
You knew the following spells:

 Your Spells              Type           Power      Damage    Failure   Level
a - Summon Small Mammal   Summ           56%        N/A       3%          1

Your spell library contained the following spells:

 Spells                   Type           Power      Damage    Failure   Level
 Call Imp                 Summ           28%        N/A       6%          2
 Call Canine Familiar     Summ           14%        N/A       12%         3
 Summon Guardian Golem    Hex/Summ       8%         N/A       26%         3
 Summon Lightning Spire   Summ/Air       8%         N/A       65%         4


Dungeon Overview and Level Annotations

Branches:
Dungeon (1/15)

Altars:


Innate Abilities, Weirdness & Mutations

Your demonic aura sometimes causes spilled blood to erupt in flames.


Message History

You kill the endoplasm!
Your rat disappears in a puff of smoke!
Your bat disappears in a puff of smoke!
You now have 16 gold pieces.
c - a glowing cyan potion You open the door.
A rat and 2 hobgoblins come into view.
There are monsters nearby!
There are monsters nearby!
A goblin comes into view. It is wielding a +0 club.
Found 4 stones.
The goblin shouts!
The hobgoblin shouts! x2
There is an open door here.
Your bat hits the hobgoblin but does no damage.
The hobgoblin hits you. The goblin hits you with a +0 club.
The hobgoblin barely misses you.
You hit the hobgoblin but do no damage. Your bat misses the hobgoblin.
The hobgoblin closely misses you. The goblin barely misses you.
The rat barely misses your bat. The hobgoblin closely misses you.
Your bat hits the hobgoblin but does no damage.
Your bat hits the hobgoblin. You hit the hobgoblin but do no damage.
The hobgoblin is lightly wounded.
Your bat barely misses the hobgoblin. x2; The hobgoblin hits you.
The goblin hits you with a +0 club. The hobgoblin closely misses you.
You hit the hobgoblin but do no damage.
The hobgoblin is lightly wounded.
Your bat closely misses the hobgoblin.
Your bat closely misses the rat.
Your bat hits the rat. The goblin hits you but does no damage.
The hobgoblin hits you. The rat bites you. The hobgoblin barely misses you.
You are too injured to fight recklessly!
You are too injured to fight recklessly!
The hobgoblin attacks as you move away! The hobgoblin hits you.
* * * LOW HITPOINT WARNING * * *
Your bat hits the hobgoblin but does no damage.
There is an open door here.
The rat attacks as you move away! The rat bites you.
* * * LOW HITPOINT WARNING * * *
The hobgoblin attacks as you move away! The hobgoblin hits you.
You die...

.......# ..#
.......# ...#
##+#############..#
......
..........#####
.....#
#.............#
.....#
#.......b.....#
.....#
#.......b.....#
.....#
#..(..gggr....#
.....#
########@######
.....# #.#
.....###########.#
...............#.#
...............#.#
...............#.#
+#†............#.#
#.............#.#
#.............#.#


You could see 2 hobgoblins, a goblin, a rat and 2 friendly bats.

Vanquished Creatures
  2 endoplasms (D:1)
  A giant cockroach (D:1)
  2 kobolds (D:1)
  A rat (D:1)
6 creatures vanquished.

Vanquished Creatures (collateral kills)
  A giant cockroach (D:1)
  A goblin (D:1)
  A quokka (D:1)
  A rat (D:1)
4 creatures vanquished.

Grand Total: 10 creatures vanquished

Notes
Turn   | Place    | Note
-------+----------+-------------------------------------------
     0 | D:1      | CoinPitGoblin the Demonspawn Summoner began the quest for
                  | the Orb.
     0 | D:1      | Reached XP level 1. HP: 13/13 MP: 3/3
   144 | D:1      | Gained mutation: Your demonic aura sometimes causes spilled
                  | blood to erupt in flames. [demonic ancestry]
   144 | D:1      | Reached XP level 2. HP: 18/19 MP: 0/5
   239 | D:1      | Slain by a hobgoblin

Illustrated notes

Levels and vault maps discovered:
D:1:      mushboom_english_gardens, layout_basic

Skill      XL: |  1 |
---------------+----+-----
Dodging        | 2 |  2.1
Stealth        | |  1.7
Spellcasting   | |  2.5
Summonings     | |  4.0

Action                     || total
---------------------------++-------
  Melee: Unarmed           ||    12
         Whip              ||     5
         Dagger            ||    14
   Cast: Summon Small Mamm ||     8
    Use: Scroll            ||     1
   Stab: Distracted        ||     2
 Armour: Robe              ||     7
  Dodge: Dodged            ||    23
